cohdb
Replays
Latest Replays
All Replays
Popular Replays
Top Player Replays
Match Explorer
How It Works
Community
CoH3 Stats
Reddit
Sign in to upload your games and track your stats! →
Sign in with Steam
Match 41200928
Unlisted
Match 41200928
Overview
Messages
Build Orders
End
Construct Barracks
Selects Armored Battlegroup
Selects Veteran Crews
1⁄4-ton 4x4 Truck
Riflemen Squad
Riflemen Squad
Riflemen Squad
Infantry Support Center
Construct Motor Pool
M1 Mortar Team
M8 Greyhound Armored Car
Selects Field Repairs
Selects War Machine
M24 Chaffee Light Tank
M8 Greyhound Armored Car
Construct Medical Station
Riflemen Squad
Field Repairs
Selects Strength in Steel
Selects Seek and Destroy
M24 Chaffee Light Tank
Field Repairs
Riflemen Squad
M1918 Browning Automatic Rifles
Riflemen Squad
Grenade Package
M1 Anti-tank Gun Team
M1 Anti-tank Gun Team
M1 Anti-tank Gun Team
Riflemen Squad
Riflemen Squad
Flash
Nubbl0r
0
0
Comments
sign in to comment!
No comments posted yet!